 Dungeon Crawl Stone Soup version 0.28.0-56-g4927b6849a (webtiles) character file.

Game seed: 3356287578528680507

100 Atelerd the Digger (level 4, -3/27 HPs)
             Began as an Octopode Earth Elementalist on Jan 23, 2023.
             Slain by an orc
             ... wielding a +4 dagger
              (6 damage)
             ... on level 4 of the Dungeon.
             The game lasted 00:01:57 (2993 turns).

Atelerd the Digger (Octopode Earth Elementalist)    Turns: 2993, Time: 00:01:57

Health: -3/27      AC:  1    Str:  7    XL:     4   Next: 73%
Magic:  7/9        EV: 13    Int: 19    God:
Gold:   110        SH:  0    Dex: 12    Spells: 4/9 levels left

rFire   . . .      SeeInvis .   c - +0 dagger
rCold   . . .      Faith    .   (no shield)
rNeg    . . .      Spirit   .   (helmet restricted)
rPois   .          Reflect  .   (no amulet)
rElec   .          Harm     .   (no ring)
rCorr   .          Rampage  .   (no ring)
Will    .....                   (no ring)
Stlth   +++.......              (no ring)
HPRegen 0.09/turn               (no ring)
MPRegen 0.11/turn               (no ring)
                                (no ring)
                                (no ring)

@: no status effects
A: almost no armour, amphibious, 8 rings, camouflage 1, gelatinous body 1,
(nimble swimmer 1), tentacles
a: no special abilities


You were on level 4 of the Dungeon.
You visited 1 branch of the dungeon, and saw 4 of its levels.

You collected 110 gold pieces.

Inventory:

Hand Weapons
 c - a +0 dagger (weapon)
Missiles
 b - 44 stones
Wands
 d - a wand of acid (12)
 g - a wand of paralysis (10)
Scrolls
 a - 5 scrolls of teleportation
 f - a scroll of immolation
Potions
 e - a potion of degeneration {unknown}
 h - a potion of heal wounds
 i - a potion of might {unknown}


   Skills:
 + Level 0.3 Fighting
 - Level 2.0 Dodging
 + Level 3.4 Stealth
 + Level 3.3 Spellcasting
 + Level 1.0 Transmutations
 + Level 4.0 Earth Magic


You had 4 spell levels left.
You knew the following spells:

 Your Spells              Type           Power      Damage    Failure   Level
a - Sandblast             Erth           36%        2d10      2%          1
p - Petrify               Tmut/Erth      12%        N/A       45%         4

Your spell library contained the following spells:

 Spells                   Type           Power      Damage    Failure   Level
 Passwall                 Tmut/Erth      10%        N/A       8%          2
 Sting                    Tmut/Pois      20%        1d4       12%         1
 Wereblood                Tmut           7%         N/A       14%         2
 Stone Arrow              Conj/Erth      20%        3d8       19%         3
 Poisonous Vapours        Pois/Air       6%         N/A       22%         2
 Sublimation of Blood     Necr           3%         N/A       22%         2
 Olgreb's Toxic Radiance  Pois           3%         N/A       82%         4
 Summon Hydra             Summ           1%         N/A       100%        7


Dungeon Overview and Level Annotations

Branches:
Dungeon (4/15)
 Temple: D:4-7

Altars:
Dithmenos


Innate Abilities, Weirdness & Mutations

You cannot wear most types of armour.
You are amphibious.
You can wear up to eight rings at the same time.
Your skin changes colour to match your surroundings (Stealth+).
Your rubbery body absorbs attacks. (AC +1, EV +1)
((You are camouflaged when in or above water. (Stealth+)))
You have tentacles for arms and can constrict up to eight enemies at once.


Message History

Found a ring mail.
An endoplasm comes into view.
Found a smoky yellow potion.
An endoplasm is nearby!
An endoplasm is nearby!
An endoplasm is nearby!
An endoplasm is nearby!
An endoplasm is nearby!
An endoplasm is nearby!
You see here a +0 ring mail.
The helpless endoplasm fails to defend itself.
You puncture the endoplasm!
You kill the endoplasm!
You can't see any susceptible monsters within range! (Use Z to cast anyway.) Magic restored.
You now have 110 gold pieces (gained 4).
Found a dagger.
a - 5 scrolls of teleportation (gained 1)
i - a smoky yellow potion
Found a club.
An orc comes into view. It is wielding a +4 dagger.
Found 20 stones.
The orc shouts!
The orc moves out of view.
A hound comes into view.
There are monsters nearby!
There are monsters nearby!
There are monsters nearby!
There are monsters nearby!
The orc closely misses you.
You hit the orc but do no damage. You grab the orc. You constrict the orc.
The hound bites you. The orc hits you with a +4 dagger.
The blast of sand hits the hound.
The hound is lightly wounded.
You constrict the orc. The hound barely misses you.
The orc hits you with a +4 dagger.
The blast of sand misses the hound.
You constrict the orc. The hound bites you. x2
* * * LOW HITPOINT WARNING * * *
The orc hits you with a +4 dagger.
You die...

###### .....## #
.<....## .##
.......# .(.#
.......# ##....#
.......#
###h.....#
.......#
#.@o.....#
.......#
######.##......
......####......#
...#.
.....##....######
### .....##.####
........#.
............#
..............
........#.....


You could see a hound and an orc.

Vanquished Creatures
  4 adders
  A worm (D:2)
  2 dart slugs
  An orc (D:3)
  6 bats
  6 endoplasms
  A giant cockroach (D:2)
  5 goblins
  5 hobgoblins
  7 jackals
  2 quokkas
  3 ball pythons (D:2)
  A frilled lizard (D:3)
  3 kobolds
  4 rats
51 creatures vanquished.

Notes
Turn   | Place    | Note
-------+----------+-------------------------------------------
     0 | D:1      | Atelerd the Octopode Earth Elementalist began the quest for
                  | the Orb.
     0 | D:1      | Reached XP level 1. HP: 11/11 MP: 3/3
   540 | D:1      | Reached XP level 2. HP: 11/17 MP: 5/5
  1003 | D:1      | Found a faded altar of an unknown god.
  1228 | D:2      | Found a shadowy altar of Dithmenos.
  1234 | D:2      | Reached XP level 3. HP: 21/21 MP: 4/6
  2155 | D:2      | Reached XP level 4. HP: 27/27 MP: 6/8
  2303 | D:2      | Learned a level 4 spell: Petrify
  2435 | D:3      | Reached skill level 4 in Earth Magic
  2993 | D:4      | Slain by an orc

Illustrated notes

Levels and vault maps discovered:
D:1:      mrwooster_arrival_statue_2, layout_basic,
          shapermc_ecumenical_altar_mp_highgroup, hex_large
D:2:      layout_loops_ring, basic_altar
D:3:      layout_rooms, grunt_ministairs_1
D:4:      layout_rooms

Skill      XL: |  1  2  3  4 |
---------------+-------------+-----
Stealth        | 3 |  3.4
Spellcasting   | 3 |  3.3
Earth Magic    | 4 |  4.0
Fighting       | |  0.3
Dodging        | |  2.0
Transmutations | |  1.0

Action                   |  1- 3 |  4- 6 || total
-------------------------+-------+-------++-------
Melee: Dagger            |    39 |    15 ||    54
       Tentacles         |    12 |     3 ||    15
       Constrict         |     8 |     1 ||     9
       Punch             |     2 |       ||     2
 Cast: Sandblast         |    25 |    20 ||    45
  Use: Scroll            |       |     3 ||     3
 Stab: Sleeping          |     6 |     5 ||    11
Armor: Skin              |     6 |       ||     6
Dodge: Dodged            |    26 |    20 ||    46
